 Dungeon Crawl Stone Soup version 0.27.1-16-g815e20cd7a (webtiles) character file.

Game seed: 12526802397326724776

2 Eitelfritz the Sneak (level 1, -1/10 HPs)
             Began as a Kobold Enchanter on Nov 22, 2021.
             Slain by a hobgoblin (4 damage)
             ... on level 1 of the Dungeon.
             The game lasted 00:00:37 (384 turns).

Eitelfritz the Sneak (Kobold Enchanter)              Turns: 384, Time: 00:00:38

Health: -1/10      AC:  2    Str:  5    XL:     1   Next: 44%
Magic:  3/3        EV: 15    Int: 16    God:
Gold:   0          SH:  0    Dex: 15    Spells: 3/4 levels left

rFire    . . .     SeeInvis .   a - +1 dagger
rCold    . . .     Faith    .   (shield restricted)
rNeg     . . .     Spirit   .   b - +0 robe
rPois    .         Reflect  .   (no helmet)
rElec    .         Harm     .   (no cloak)
rCorr    .         Rampage  .   (no gloves)
Will     .....                  (no boots)
Stlth    ++++......             (no amulet)
HPRegen  0.03/turn              (no ring)
MPRegen  0.08/turn              (no ring)

@: no status effects
A: small, no large weapons, nightstalker 3
a: no special abilities


You were on level 1 of the Dungeon.
You visited 1 branch of the dungeon, and saw 1 of its levels.

Inventory:

Hand Weapons
 a - a +1 dagger (weapon)
 d - a +0 hunting sling
Armour
 b - a +0 robe (worn)
Potions
 c - a potion of haste {unknown}


   Skills:
 + Level 1.3 Short Blades
 + Level 2.4 Dodging
 + Level 4.1 Stealth
 + Level 2.2 Spellcasting
 + Level 3.0 Hexes


You had 3 spell levels left.
You knew the following spells:

 Your Spells              Type           Power      Damage    Failure   Level
a - Corona                Hex            12%        N/A       6%          1

Your spell library contained the following spells:

 Spells                   Type           Power      Damage    Failure   Level
 Ensorcelled Hibernation  Hex/Ice        12%        N/A       16%         2
 Confusing Touch          Hex            11%        N/A       17%         3
 Tukima's Dance           Hex            11%        N/A       17%         3
 Dazzling Flash           Conj/Hex       12%        N/A       32%         3


Dungeon Overview and Level Annotations

Branches:
Dungeon (1/15)

Altars:


Innate Abilities, Weirdness & Mutations

You are small and have problems with some larger weapons.
You are completely attuned to the shadows.


Message History

You see here a +0 hunting sling.
d - a +0 hunting sling A goblin, a hobgoblin and a dart slug come into view.
The helpless kobold fails to defend itself.
You impale the kobold!!
You kill the kobold!
The hobgoblin shouts!
The goblin shouts!
You barely miss the hobgoblin. The hobgoblin hits you.
You hit the hobgoblin.
The hobgoblin is moderately wounded.
The hobgoblin closely misses you.
You hit the hobgoblin.
The hobgoblin is heavily wounded.
The hobgoblin closely misses you.
You hit the hobgoblin but do no damage.
The hobgoblin is heavily wounded.
The hobgoblin barely misses you.
You closely miss the hobgoblin.
The hobgoblin is heavily wounded.
The hobgoblin hits you but does no damage.
You hit the hobgoblin but do no damage.
The hobgoblin is heavily wounded.
The hobgoblin hits you but does no damage.
You barely miss the hobgoblin.
The hobgoblin is heavily wounded.
The hobgoblin closely misses you.
You barely miss the hobgoblin.
The hobgoblin is heavily wounded.
The hobgoblin hits you.
You completely miss the hobgoblin.
The hobgoblin is heavily wounded.
The hobgoblin hits you.
* * * LOW HITPOINT WARNING * * *
You hit the hobgoblin.
The hobgoblin is almost dead.
The hobgoblin closely misses you.
You hit the hobgoblin but do no damage.
The hobgoblin is almost dead.
The hobgoblin hits you.
You die...

#.# .....#
#.#############.# #..
#........#......#.#.#
########.#.####.#.#.#
#.# #. #.#
#..#.#.#.##...... #.#
#....#.#..##.#.#. #.#
#.......#.#..)...
#.#.######..#.##.#.#
#
#.#..@gg......w....#
#
#.###########......#
# #.# #......# #
##### #.# #......# #
#...# #.# #......# #
#.#.## #.# #..... #
#....# #.# # ###..#
#.# # #..#####.#


You could see a hobgoblin and a goblin.

Vanquished Creatures
  A quokka (D:1)
  A kobold (D:1)
  A rat (D:1)
3 creatures vanquished.

Notes
Turn   | Place    | Note
-------+----------+-------------------------------------------
     0 | D:1      | Eitelfritz the Kobold Enchanter began the quest for the
                  | Orb.
     0 | D:1      | Reached XP level 1. HP: 10/10 MP: 3/3
   384 | D:1      | Slain by a hobgoblin

Illustrated notes

Levels and vault maps discovered:
D:1:      tarquinn_simple_flora_water_f, layout_basic,
          shapermc_ecumenical_altar_mp_ritualfount, serial_shops, shop,
          shop_statue, shop_statue, st_stairs_13, patterned_corridor

Action                   || total
-------------------------++-------
Melee: Dagger            ||    17
 Stab: Sleeping          ||     1
Armor: Robe              ||     2
Dodge: Dodged            ||     7
